 Dungeon Crawl Stone Soup version 0.22-a0-266-g5fdf0d7 (webtiles) character file.

76 Ijustatesigmund the Skirmisher (level 4, -1/29 HPs)
             Began as a Gargoyle Fighter on Mar 8, 2018.
             Was an Initiate of Cheibriados.
             Killed from afar by Sigmund (8 damage)
             ... with a magic dart
             ... on level 3 of the Dungeon.
             The game lasted 00:03:58 (1353 turns).

Ijustatesigmund the Skirmisher (Gargoyle Fighter)   Turns: 1353, Time: 00:03:59

Health: -1/29      AC: 11    Str: 19 (20) XL:     4   Next: 32%
Magic:  4/4        EV:  7    Int:  8 (10) God:    Cheibriados [......]
Gold:   139        SH:  0    Dex:  9 (11) Spells: 3/3 levels left

rFire    . . .     SeeInvis .   a - +0 flail
rCold    . . .     Gourm    .   c - +0 shield
rNeg     + . .     Faith    .   b - +0 scale mail
rPois    ∞         Spirit   .   (no helmet)
rElec    +         Reflect  +   (no cloak)
rCorr    .         Harm     .   k - +0 pair of gloves
MR       .....                  (no boots)
Stlth    ..........             i - +2 amulet of reflection
HPRegen  0.09/turn              (no ring)
MPRegen  0.09/turn              (no ring)

@: confused, berserk cooldown, very slow
A: negative energy resistance 1, electricity resistance, unbreathing,
petrification resistance, rot immunity, AC +3
a: Bend Time, Renounce Religion


You were on level 3 of the Dungeon.
You worshipped Cheibriados.
Cheibriados was noncommittal.
You were not hungry.

You visited 1 branch of the dungeon, and saw 3 of its levels.

You collected 139 gold pieces.

Inventory:

Hand Weapons
 a - a +0 flail (weapon)
Armour
 b - a +0 scale mail (worn)
 c - a +0 shield (worn)
 k - a +0 pair of gloves (worn)
Jewellery
 i - a +2 amulet of reflection (around neck)
Scrolls
 e - 2 scrolls of teleportation
Potions
 g - a potion of magic
 l - a potion of berserk rage
 m - a potion of invisibility {unknown}
 q - 2 potions of flight {unknown}
 r - 2 potions of curing {unknown}
Comestibles
 f - 2 rations


   Skills:
 + Level 4.1 Fighting
 + Level 3.6 Maces & Flails
 - Level 3.2 Armour
 - Level 3.2 Shields
 + Level 0.7 Invocations


You had 3 spell levels left.
You didn't know any spells.

Dungeon Overview and Level Annotations

Branches:
Dungeon (3/15)

Altars:
Cheibriados
Gozag
Okawaru
Wu Jian

Annotations:
D:3 Sigmund


Innate Abilities, Weirdness & Mutations

You are resistant to torment.
Your stone body is resilient. (AC +3)
You are immune to poison.
You resist negative energy. (rN+)
You are resistant to electric shocks. (rElec)
You can survive without breathing.
You are immune to petrification.
You are immune to rotting.


Message History

A magic dart appears from out of thin air!
The magic dart hits you! Something hits you.
* * * LOW HITPOINT WARNING * * *
You feel much better. Something hits you!
Your shield prevents you from hitting something.
Something hits you but does no damage.
You closely miss something.
You hear some strange, mumbled words.
You are confused.
You miss something. Something hits you! x2
* * * LOW HITPOINT WARNING * * *
You barely miss something.
You feel a little less mighty now. Something hits you but does no damage.
You miss something.
You feel yourself speed up.
You hear some strange, mumbled words.
A magic dart appears from out of thin air!
The magic dart hits you!
You die...

#..##.#### ...
#### ##.#.....# .
.####.#.....#
.....>....<.#
............#
............#
............#
....).......#
.?......@{..###.
..###............
. #.?..#.......
#....#......#
#....#......#
#.^..#......#
#....########
#....# #...:#


There were no monsters in sight!

Vanquished Creatures
  3 adders
  A worm (D:3)
  2 dart slugs (D:2)
  A leopard gecko (D:1)
  2 orcs (D:3)
  7 goblins
  9 hobgoblins
  4 kobolds
  3 bats
  6 frilled lizards
  2 rats
40 creatures vanquished.

Notes
Turn   | Place    | Note
-------+----------+-------------------------------------------
     0 | D:1      | Ijustatesigmund the Gargoyle Fighter began the quest for the Orb.
     0 | D:1      | Reached XP level 1. HP: 14/14 MP: 1/1
   163 | D:1      | Reached XP level 2. HP: 18/19 MP: 2/2
   779 | D:2      | Reached XP level 3. HP: 24/24 MP: 3/3
   812 | D:2      | Found a snail-covered altar of Cheibriados.
   930 | D:2      | Reached skill level 4 in Fighting
   963 | D:2      | Became a worshipper of Cheibriados the Contemplative
   984 | D:3      | Found an ornate altar of the Wu Jian Council.
   986 | D:3      | Found an opulent altar of Gozag.
   988 | D:3      | Found an iron altar of Okawaru.
  1009 | D:3      | Reached XP level 4. HP: 20/29 MP: 4/4
  1314 | D:3      | Noticed Sigmund
  1341 | D:3      | HP: 1/29 [something/magic dart (7)]
  1353 | D:3      | Killed from afar by Sigmund

Vault maps used:
D:1:      nicolae_arrival_somewhat_less_tricky_arrival
D:2:      cheibriados_altar_1, first_ration
D:3:      grunt_temple_overflow_open, gup_sewer_entry_pipe, nrook_uturn,
          uniq_sigmund, uniq_grinder, uniq_robin

Skill      XL: |  1  2  3 |
---------------+----------+-----
Maces & Flails | 3 |  3.6
Fighting       | 4 |  4.1
Armour         | |  3.2
Shields        | |  3.2
Invocations    | |  0.7

Action                   |  1- 3 |  4- 6 || total
-------------------------+-------+-------++-------
Melee: Flail             |   154 |    50 ||   204
  Use: Scroll            |     3 |     2 ||     5
       Potion            |       |     5 ||     5
  Eat: Chunk             |     1 |     1 ||     2
Armor: Scale mail        |    91 |    19 ||   110
Dodge: Dodged            |    47 |     7 ||    54
Block: Shield            |    85 |    19 ||   104
       Reflection        |       |     3 ||     3

Table legend:
 A = Spawn XP
 B = Non-spawn XP
 C = Spawn XP percentage of total XP
 D = Spawn monster count
 E = Non-spawn monster count
 F = Spawn count percentage of total count
 G = Total turns spent on level
                    A         B        C        D         E        F      G
               +---------+---------+-------+---------+---------+-------+---------
         Total |       0 |     109 |   0.0 |       0 |      40 |   0.0 |  1353
               +---------+---------+-------+---------+---------+-------+---------
           D:1 |       0 |      30 |   0.0 |       0 |      18 |   0.0 |   776
           D:2 |       0 |      45 |   0.0 |       0 |      11 |   0.0 |   199
           D:3 |       0 |      34 |   0.0 |       0 |      11 |   0.0 |   378
               +---------+---------+-------+---------+---------+-------+---------
